 Dungeon Crawl Stone Soup version 0.13.2 (webtiles) character file.

144 sanboga the Fey Minotaur (level 3, -4/29 HPs)
             Began as a Minotaur Death Knight on Feb 13, 2017.
             Was a Believer of Yredelemnul.
             Slain by Sigmund
             ... wielding a +0,+0 scythe
              (10 damage)
             ... on Level 2 of the Dungeon.
             The game lasted 00:13:32 (2490 turns).

sanboga the Fey Minotaur (Minotaur Death Knight)    Turns: 2490, Time: 00:13:32

HP  -4/29        AC  9     Str 17      XL: 3   Next: 98%
MP   4/4         EV  6     Int  8      God: Yredelemnul [**....]
Gold 77          SH  0     Dex 10      Spells:  0 memorised,  2 levels left

Res.Fire  : . . .   See Invis. : .   a - +2,+1 spear {=f}
Res.Cold  : . . .   Warding    : .   i - +0 chain mail
Life Prot.: . . .   Conserve   : .   (no shield)
Res.Poison: .       Res.Corr.  : .   (helmet restricted)
Res.Elec. : .       Clarity    : .   (no cloak)
Sust.Abil.: . .     Spirit.Shd : .   n - +0 pair of dwarf gauntlets
Res.Mut.  : .       Stasis     : .   (no boots)
Res.Rott. : .       Flight     : .   d - amulet of faith
Saprovore : . . .                    (no ring)
                                     (no ring)

@: not resistant to hostile enchantments, extremely unstealthy
A: retaliatory headbutt, horns 2
a: Animate Remains, Recall Undead Slaves, Injury Mirror, Renounce Religion


You were on level 2 of the Dungeon.
You worshipped Yredelemnul.
Yredelemnul was pleased with you.
You were very hungry.

You visited 1 branch of the dungeon, and saw 2 of its levels.

You collected 57 gold pieces.

Inventory:

Hand weapons
 a - a +2,+1 spear (weapon) {=f}
 c - a +1,+0 elven dagger (quivered)
 g - a +0,+0 club
Armour
 b - a +0 leather armour
 i - a +0 chain mail (worn)
 n - a +0 pair of dwarven gauntlets (worn)
Magical devices
 h - a wand of polymorph (7) {unknown}
Scrolls
 f - a scroll of curse weapon {unknown}
 k - a scroll of teleportation
 p - a scroll of enchant weapon II {unknown}
 q - a scroll of blinking {unknown}
 r - a scroll of identify {unknown}
Jewellery
 d - an amulet of faith (around neck)
Potions
 e - 2 potions of curing
 j - a potion of cure mutation {unknown}
 o - a potion of restore abilities {unknown}


   Skills:
 + Level 2.6 Fighting
 + Level 2.8 Polearms
 + Level 1.9 Armour
 + Level 1.9 Dodging
 + Level 0.1 Stealth
 + Level 3.9 Invocations


You had 2 spell levels left.
You didn't know any spells.

Dungeon Overview and Level Annotations

Branches:
Dungeon (2/27)

Altars:

Annotations:
D:2 Sigmund


Innate Abilities, Weirdness & Mutations

You reflexively headbutt those who attack you in melee.
You have a pair of horns on your head.


Message History

Sigmund is moderately wounded.
Sigmund hits you with a scythe.
* * * LOW HITPOINT WARNING * * *
You swap places.
The kobold hits your hobgoblin zombie with a dagger.
Sigmund gestures at you while chanting.
The magic dart hits your hobgoblin zombie.
Your hobgoblin zombie is destroyed!
You see here 2 darts.
You swap places.
The kobold misses your giant newt zombie.
Your giant newt zombie bites the kobold but does no damage.
The kobold barely misses your giant newt zombie.
There are monsters nearby!
Your giant newt zombie barely misses the kobold.
The kobold closely misses your giant newt zombie.
You swap places.
Sigmund hits you from afar with a scythe!
You die...
Your body rises from the dead as a mindless zombie.

z.# #.............. ###
###....#####.# # #.#.....#
## # ##.##.##.# .#
#######...#.##.# .#
..........#.##.# .#
###.#..........# .###.#.
...###.##......###.......#
###.# #......z@K@#
#......###.#
#########......# .#
...........##..# ..
#########.).#..# ###
#.......# #....##.#
########.# #.......#
#.)......# #.#.#####
##(#########


You could see Sigmund, a kobold and a friendly giant newt zombie.

Vanquished Creatures
  Ijyb (D:2)
  2 adders (D:2)
  A giant gecko (D:2)
  An ooze (D:2)
  4 giant cockroaches
  A hobgoblin (D:2)
  3 kobolds
  A quokka (D:2)
  4 bats
  2 giant newts (D:2)
  4 goblins
  A rat (D:2)
25 creatures vanquished.

Vanquished Creatures (collateral kills)
  A giant gecko (D:1)
  An ooze (D:1)
  A bat (D:1)
  A kobold (D:1)
  3 giant newts
  A goblin (D:1)
  2 rats (D:1)
10 creatures vanquished.

Vanquished Creatures (others)
  An adder zombie (D:2)
  3 bat zombies
  2 giant cockroach zombies
  A giant gecko zombie (D:2)
  A giant newt zombie (D:2)
  A hobgoblin zombie (D:2)
  A quokka zombie (D:2)
  A rat zombie (D:1)
11 creatures vanquished.

Grand Total: 46 creatures vanquished

Notes
Turn   | Place    | Note
--------------------------------------------------------------
     0 | D:1      | sanboga, the Minotaur Death Knight, began the quest for the Orb.
     0 | D:1      | Reached XP level 1. HP: 17/17 MP: 2/2
   666 | D:1      | Reached skill level 3 in Invocations
   680 | D:1      | Reached XP level 2. HP: 24/24 MP: 3/3
  1568 | D:2      | Reached XP level 3. HP: 24/29 MP: 4/4
  1949 | D:2      | Noticed Ijyb
  1983 | D:2      | Killed Ijyb
  2053 | D:2      | Acquired Yredelemnul's second power
  2469 | D:2      | Noticed Sigmund
  2490 | D:2      | Slain by Sigmund

Action                   || total
-------------------------++-------
Melee: Spear             ||    98
Invok: Animate Remains   ||    20
Evoke: Wand              ||     1
  Use: Scroll            ||     6
       Potion            ||     2
